 Dungeon Crawl Stone Soup version 0.24.0-123-gd5b16e6ec5 (webtiles) character file.

Game seed: 3871776692122342201, levelgen mode: deterministic

261048 Amplified the Impaler (level 19, -27/170 HPs)
             Began as a Demonspawn Venom Mage on Jan 15, 2020.
             Was a High Priest of Okawaru.
             Killed from afar by a fire giant (35 damage)
             ... with a fireball
             ... on level 2 of the Vaults.
             The game lasted 01:14:51 (40028 turns).

Amplified the Impaler (Demonspawn Venom Mage)      Turns: 40028, Time: 01:14:51

Health: -27/170    AC: 25    Str: 23 (24) XL:     19   Next: 57%
Magic:  27/27      EV: 18    Int: 30 (32) God:    Okawaru [*****.]
Gold:   631        SH:  0    Dex: 12 (14) Spells: 15/22 levels left

rFire    . . .     SeeInvis .   D - +6 bardiche (chop)
rCold    + + +     Gourm    .   (shield currently unavailable)
rNeg     . . .     Faith    +   h - +6 ring mail "Gaufuzeo" {rF- rC+ Int+4 Slay+6}
rPois    +         Spirit   .   r - +2 helmet {Int+3}
rElec    +         Reflect  .   C - +0 cloak
rCorr    +         Harm     .   b - +1 pair of gloves of the Dungeon {Int+6}
MR       ++...                  (boots unavailable)
Stlth    +.........             f - amulet of faith
HPRegen  0.38/turn              a - ring "Editrikh" {+Fly MR+ Str+4 Dex-4}
MPRegen  0.20/turn              F - ring "Zeugoe Sego" {rElec rPois Str+4 Int+2 Dex+4}

@: resistant
A: hooves 3, icy blue scales 3, cold resistance 1, demonic guardian 1, powered
by death 2, robust 1, MP-powered wands
}: 1/15 runes: gossamer
a: Heroism, Finesse, Renounce Religion, Evoke Flight


You were on level 2 of the Vaults.
You worshipped Okawaru.
Okawaru was extremely pleased with you.
You were not hungry.

You visited 8 branches of the dungeon, and saw 35 of its levels.
You visited the Abyss 2 times.
You also visited: Gauntlet and Volcano.

You collected 2848 gold pieces.
You spent 2217 gold pieces at shops.

Inventory:

Hand Weapons
 l - a +1 demon trident of draining
 D - a +6 bardiche of chopping (weapon)
 E - a +0 trident of freezing
 L - a +0 longbow of flaming
Missiles
 j - 146 poisoned darts (quivered)
 s - 5 throwing nets
 G - 24 javelins
 K - 7 curare-tipped darts
Armour
 b - the +1 pair of gloves of the Dungeon (worn) {Int+6}
   (Okawaru gifted it to you on level 1 of the Spider Nest)

   It affects your intelligence (+6).
 h - the +6 ring mail "Gaufuzeo" (worn) {rF- rC+ Int+4 Slay+6}
   (You found it on level 12 of the Dungeon)

   It affects your intelligence (+4).
   It affects your accuracy and damage with ranged weapons and melee attacks
   (+6).
   It makes you vulnerable to fire.
   It protects you from cold.
 r - a +2 helmet of intelligence (worn)
 C - a +0 cloak (worn)
 M - the +0 ring mail "Qeynepp" {rElec rF++}
   (Okawaru gifted it to you on level 14 of the Dungeon)

   It greatly protects you from fire.
   It insulates you from electricity.
 O - the +4 chain mail of Muriocke {rElec Str+3 Int-3}
   (You found it on level 10 of the Dungeon)

   It affects your strength (+3).
   It affects your intelligence (-3).
   It insulates you from electricity.
 P - a +3 chain mail of fire resistance
 Q - +2 acid dragon scales
Jewellery
 a - the ring "Editrikh" (left hand) {+Fly MR+ Str+4 Dex-4}
   (You found it on level 7 of the Dungeon)

   [ring of flight]

   It affects your strength (+4).
   It affects your dexterity (-4).
   It affects your resistance to hostile enchantments.
   It lets you fly.
 f - an amulet of faith (around neck)
 k - an uncursed ring of positive energy
 v - an uncursed ring of see invisible
 F - the ring "Zeugoe Sego" (right hand) {rElec rPois Str+4 Int+2 Dex+4}
   (You bought it in a shop on level 2 of the Orcish Mines)

   [ring of strength]

   It affects your strength (+4).
   It affects your intelligence (+2).
   It affects your dexterity (+4).
   It insulates you from electricity.
   It protects you from poison.
 I - a cursed ring of attention {unknown}
 R - an uncursed ring of protection from cold
Wands
 e - a wand of paralysis (20)
 g - a wand of digging (5)
 t - a wand of flame (12)
 w - a wand of iceblast (26)
 z - a wand of disintegration (12)
 Y - a wand of acid (30)
 Z - a wand of scattershot (5)
Scrolls
 m - a scroll of brand weapon
 n - 11 scrolls of remove curse
 o - a scroll of silence
 y - 8 scrolls of fog
 B - 4 scrolls of magic mapping
 N - 6 scrolls of teleportation
 S - a scroll of identify
 T - 9 scrolls of amnesia
Potions
 d - 2 potions of magic
 i - a potion of might
 u - 3 potions of brilliance
 x - 2 potions of agility
 A - 4 potions of cancellation
 H - 4 potions of flight
 J - a potion of mutation
 W - 4 potions of ambrosia
Comestibles
 c - 20 rations


   Skills:
 + Level 15.4 Fighting
 * Level 19.6 Polearms
 - Level 13.2 Armour
 + Level 13.1 Dodging
 - Level 1.7 Stealth
 - Level 2.0 Spellcasting
   Level 1.0 Conjurations
 - Level 3.0 Poison Magic
 - Level 11.8 Invocations


You had 15 spell levels left.
You knew the following spells:

 Your Spells              Type           Power        Failure   Level  Hunger
a - Regeneration          Chrm/Necr      #.........   32%         3    ###....
b - Poisonous Vapours     Pois/Air       ##....       9%          2    ##.....
c - Confusing Touch       Hex            #.....       11%         1    None
d - Summon Butterflies    Summ           #.......     11%         1    None

Your spell library contained the following spells:

 Spells                   Type           Power        Failure   Level  Hunger
 Sting                    Conj/Pois      ###.         4%          1    None
 Magic Dart               Conj           #...         8%          1    None
 Shock                    Conj/Air       #...         9%          1    None
 Animate Skeleton         Necr           N/A          11%         1    None
 Beastly Appendage        Tmut           #.....       11%         1    None
 Corona                   Hex            #......      11%         1    None
 Pain                     Necr           #...         11%         1    None
 Summon Small Mammal      Summ           #...         11%         1    None
 Searing Ray              Conj           #.....       11%         2    ##.....
 Call Imp                 Summ           #.......     17%         2    ##.....
 Ensorcelled Hibernation  Hex/Ice        #.....       17%         2    ##.....
 Sticks to Snakes         Tmut           #.......     17%         2    ##.....
 Swiftness                Chrm/Air       #.......     17%         2    ##.....
 Mephitic Cloud           Conj/Pois/Air  ##......     19%         3    ###....
 Spider Form              Tmut/Pois      ##........   19%         3    ###....
 Dazzling Spray           Conj/Hex       #.....       26%         3    ###....
 Static Discharge         Conj/Air       #.......     26%         3    ###....
 Stone Arrow              Conj/Erth      #.....       26%         3    ###....
 Call Canine Familiar     Summ           #.......     32%         3    ###....
 Confuse                  Hex            #.......     32%         3    ###....
 Gell's Gravitas          Tloc           #.........   32%         3    ###....
 Summon Guardian Golem    Hex/Summ       #.......     32%         3    ###....
 Tukima's Dance           Hex            #.......     32%         3    ###....
 Vampiric Draining        Necr           #.........   32%         3    ###....
 Olgreb's Toxic Radiance  Pois           ###.....     32%         4    ####...
 Iskenderun's Mystic Bla  Conj           #.......     58%         4    ####...
 Force Lance              Conj/Tloc      #.......     65%         4    ####...
 Fulminant Prism          Conj/Hex       #.........   65%         4    ####...
 Airstrike                Air            #.........   73%         4    ####...
 Animate Dead             Necr           N/A          73%         4    ####...
 Ice Form                 Ice/Tmut       #.......     73%         4    ####...
 Petrify                  Tmut/Erth      #.......     73%         4    ####...
 Summon Ice Beast         Ice/Summ       #.......     73%         4    ####...
 Summon Lightning Spire   Summ/Air       #.......     73%         4    ####...
 Venom Bolt               Conj/Pois      ###.......   80%         5    ######.
 Fireball                 Conj/Fire      #.........   94%         5    ######.
 Lightning Bolt           Conj/Air       #.........   94%         5    ######.
 Blade Hands              Tmut           #.........   97%         5    ######.
 Metabolic Englaciation   Hex/Ice        #.........   97%         5    ######.
 Yara's Violent Unravell  Hex/Tmut       #.........   97%         5    ######.
 Bolt of Fire             Conj/Fire      #.........   100%        6    #######
 Malign Gateway           Summ/Tloc      #.........   100%        7    #######


Dungeon Overview and Level Annotations

Branches:
Dungeon (15/15)            Temple (1/1) D:4            Lair (6/6) D:9
 Shoals (3/4) Lair:4       Spider (4/4) Lair:2        Slime (0/5) Lair:6
    Orc (2/2) D:11            Elf (2/3) Orc:2        Vaults (1/5) D:13
 Depths (0/5) D:15        Volcano (visited)         Gauntlet (visited)

Altars:
Ashenzari
Cheibriados
Dithmenos
Elyvilon
Fedhas
Gozag
Hepliaklqana
Kikubaaqudgha
Makhleb
Nemelex Xobeh
Okawaru
Qazlal
Ru
Sif Muna
Trog
Uskayaw
Vehumet
Wu Jian
Xom
Yredelemnul
Zin
The Shining One
Jiyva

Shops:
D:4 [   D:7 *   D:10 [   D:11 %?   Orc:2 }*(=*   Elf:1 *(:*

Annotations:
Temple Surefire victor
Lair:2 exclusion: 2 oklob plants
Lair:3 1 runed translucent door, Squonk's ghost, journeyman OgHu
Lair:5 exclusion: oklob plant
Lair:6 1 runed translucent door
Shoals:2 Polyphemus
Shoals:3 Ilsuiw


Innate Abilities, Weirdness & Mutations

You have hooves in place of feet.
You are completely covered in icy blue scales. (AC +4, rC+)
Your flesh is cold resistant. (rC+)
A weak demonic guardian rushes to your aid.
You regenerate health from kills.
You are robust. (+10% HP)
You expend magic power (3 MP) to strengthen your wands.


Message History

* * * LOW HITPOINT WARNING * * *
Unknown command.
Okay, then.
Okay, then.
Okay, then.
Evoke which item? (* to show all) (? for menu, Esc to quit)
Aiming: Paralyse
Press: ? - help, Shift-Dir - straight line, f/p - fire giant
Aim: a fire giant, wielding a +0 great sword of flaming (heavily wounded, chance to defeat MR: 8%)
Okay, then.
Okay, then.
You hit the fire giant but do no damage.
You kick the fire giant.
The fire giant is heavily wounded.
A great orb of eyes comes into view.
You slice the fire giant!! You kick the fire giant!
The fire giant is almost dead.
The fire giant casts a spell at you.
The fireball explodes!
The fireball engulfs you!!
You die...

#....# #....# #....# #+
#....# G. #....# ##.
#....# .. #....# #.
+##....######C########
...............@.......
.......................
#######################


You could see a fire giant and a great orb of eyes.

Vanquished Creatures
  Bai Suzhen (Spider:2)
  Arachne (Spider:2)
  Nikola (Shoals:2)
  Jorgrun (Spider:2)
  4 tentacled starspawn
  Kirke (Lair:6)
  Donald (Spider:2)
  7 emperor scorpions
  An orc warlord (Orc:2)
  3 ghost moths (Spider:4)
  Aizul (Spider:4)
  A cacodemon (Abyss:4)
  A juggernaut zombie (D:15)
  2 entropy weavers (Spider:4)
  A deep elf demonologist (Elf:1)
  A minotaur (Gauntlet)
  A deep elf death mage (Elf:1)
  Josephine (Lair:5)
  2 merfolk impalers
  Fannar (Lair:2)
  Erolcha (D:11)
  A rakshasa (Abyss:4)
  An ice dragon (Vaults:1)
  A catoblepas (Lair:6)
  Harold (D:11)
  Erica (D:8)
  4 centaur warriors
  5 hydras
  A satyr (Shoals:2)
  A merfolk avatar (Shoals:2)
  2 death knights
  4 dancing weapons (Elf:1)
  An ogre mage (D:13)
  9 two-headed ogres
  Urug (Orc:2)
  6 thrashing horrors
  A hell knight (Volcano)
  5 orc high priests
  4 wretched stars
  A deep elf knight (Elf:1)
  A spatial maelstrom (Abyss:4)
  3 shadow wraiths
  5 sea snakes
  6 unseen horrors
  2 skeletal warriors
  A flayed ghost (Vaults:1)
  2 deep elf archers (Elf:1)
  A phantasmal warrior (D:15)
  A shadow demon (Abyss:4)
  A lindwurm (Lair:6)
  2 necromancers
  An iron dragon zombie (D:15)
  15 ugly things
  20 orb spiders
  2 orc knights
  22 wolf spiders
  22 deep elf magi
  13 fauns
  2 orc sorcerers
  3 cyclopes
  5 moths of wrath
  A stone giant zombie (D:15)
  6 manticores
  4 elephants (Lair:6)
  A salamander (shapeshifter) (D:9)
  An apocalypse crab (Abyss:3)
  7 black mambas
  Maurice (D:8)
  6 merfolk sirens
  A centaur zombie (D:10)
  3 water nymphs
  A rust devil (Abyss:4)
  An orange demon (Abyss:4)
  A molten gargoyle (Lair:6)
  4 torpor snails
  A gargoyle (D:15)
  Joseph (D:7)
  4 yaktaurs
  A rime drake (Lair:6)
  10 spiny frogs
  9 demonic crawlers
  6 komodo dragons
  An efreet (Abyss:4)
  A rime drake (shapeshifter) (Vaults:2)
  A komodo dragon (shapeshifter) (D:14)
  A redback zombie (D:14)
  A kobold demonologist (D:15)
  3 ancient zymes (Abyss:4)
  A guardian mummy (D:15)
  A tyrant leech (Gauntlet)
  A harpy zombie (D:14)
  12 merfolk
  8 trolls
  9 large abominations
  24 jumping spiders
  A wind drake (Shoals:2)
  A hornet (Spider:2)
  6 raiju
  A snapping turtle (Shoals:2)
  A blink frog (shapeshifter) (D:15)
  2 dream sheep (Shoals:2)
  13 blink frogs
  8 small abominations
  15 hippogriffs
  A spriggan skeleton (D:15)
  An ice dragon zombie (Abyss:3)
  9 wraiths
  12 starcursed masses
  Sigmund (D:4)
  36 yaks
  2 hogs
  4 air elementals
  3 vampires
  65 redbacks
  A human (D:10)
  3 fire bats (Abyss:3)
  A spriggan (D:10)
  7 wyverns
  5 water elementals
  30 tarantellas
  2 fire elementals (Elf:1)
  9 basilisks
  2 steam dragons (Lair:6)
  2 chaos spawn (Abyss:4)
  4 neqoxecs
  A hungry ghost (D:9)
  2 wargs
  A soldier ant (shapeshifter) (Vaults:2)
  A spatial vortex (Abyss:4)
  A soldier ant (D:13)
  2 swamp worms (Gauntlet)
  9 hell hounds
  13 water moccasins
  2 acid dragons
  6 porcupines
  3 sky beasts
  3 ice beasts
  33 orc warriors
  3 phantoms
  2 black bears (D:11)
  An eye of draining (D:15)
  12 wolves
  3 ogres
  8 centaurs
  13 crocodiles
  15 bullfrogs
  A gnoll sergeant (D:6)
  2 earth elementals
  2 wyvern zombies
  5 scorpions
  A troll zombie (D:9)
  A water moccasin skeleton (D:6)
  5 killer bees (D:9)
  12 wights
  6 electric eels
  A howler monkey (D:5)
  8 crimson imps
  3 bullfrog zombies
  6 hounds
  A human zombie (D:9)
  4 lava snakes (Lair:6)
  2 quasits
  A jelly (D:11)
  A gnoll shaman (D:7)
  32 orc priests
  2 bullfrog skeletons
  2 centaur skeletons
  34 orc wizards
  An iron imp (Abyss:3)
  6 iguanas
  10 worker ants
  An ogre zombie (D:9)
  A hound zombie (D:5)
  2 hound skeletons
  A howler monkey zombie (D:7)
  2 mummies (D:9)
  2 worker ant zombies (D:7)
  9 adders
  21 gnolls
  2 shadow imps
  An ufetubus (Abyss:4)
  2 adder skeletons (D:8)
  3 worms
  A dart slug (D:1)
  9 leopard geckos
  95 orcs
  A ball python (D:1)
  13 giant cockroaches
  4 goblins
  10 hobgoblins
  2 jackals
  5 kobolds
  5 quokkas
  5 bats
  11 frilled lizards
  2 jackal skeletons
  An orc skeleton (D:9)
  7 rats
  4 starspawn tentacles
1101 creatures vanquished.

Vanquished Creatures (collateral kills)
  A fire dragon (Lair:6)
  A two-headed ogre (D:7)
  A deep elf mage (Elf:1)
  An orb spider (Spider:4)
  A faun (Shoals:2)
  A black mamba (Lair:6)
  A molten gargoyle (Lair:6)
  Grinder (D:4)
  A large abomination (Abyss:4)
  A wyvern (Lair:6)
  2 redbacks
  4 yaks
  A tarantella (Spider:2)
  A wraith (D:9)
  Grum (D:8)
  An ice beast (D:10)
  An eye of draining (D:10)
  2 wolves (Lair:2)
  A centaur (D:6)
  A gnoll sergeant (D:11)
  A scorpion (D:4)
  A wight (D:9)
  An electric eel (Lair:4)
  2 crimson imps
  2 orc priests
  A hound (D:10)
  2 orc wizards
  An iguana (D:4)
  2 gnolls
  An adder (D:4)
  9 orcs
  A giant cockroach (D:4)
  3 jackals
52 creatures vanquished.

Vanquished Creatures (others)
  A redback (Spider:3)
  A basilisk (Lair:6)
  An orc wizard (D:4)
  A howler monkey skeleton (D:10)
  A demonic plant (Gauntlet)
  3 fungi
  A lurking horror (Abyss:4)
  14 plants
  9 starspawn tentacles
32 creatures vanquished.

Grand Total: 1185 creatures vanquished

Notes
Turn   | Place    | Note
-------+----------+-------------------------------------------
     0 | D:1      | Amplified the Demonspawn Venom Mage began the quest for the
                  | Orb.
     0 | D:1      | Reached XP level 1. HP: 13/13 MP: 3/3
   162 | D:2      | Gained mutation: A weak demonic guardian rushes to your
                  | aid. [demonic ancestry]
   162 | D:2      | Reached XP level 2. HP: 11/20 MP: 0/5
   326 | D:2      | Reached skill level 1 in Fighting
   638 | D:1      | Reached skill level 1 in Armour
   923 | D:1      | Gained mutation: You regenerate a little health from kills.
                  | [demonic ancestry]
   923 | D:1      | Reached XP level 3. HP: 26/26 MP: 1/6
  1312 | D:1      | Found an opulent altar of Gozag.
  1664 | D:2      | Learned a level 2 spell: Poisonous Vapours
  1972 | D:2      | Found a hazy altar of Hepliaklqana.
  2244 | D:2      | Reached XP level 4. HP: 18/33 MP: 5/7
  2804 | D:4      | Gained mutation: You have large cloven feet. [demonic
                  | ancestry]
  2804 | D:4      | Reached XP level 5. HP: 36/39 MP: 6/8
  2877 | D:4      | Found Bakepn's Antique Armour Boutique.
  2956 | D:4      | Gained mutation: You have hoof-like feet. [demonic
                  | ancestry]
  2956 | D:4      | Reached XP level 6. HP: 29/47 MP: 3/9
  2967 | D:4      | Noticed Grinder
  2970 | D:4      | Paralysed by Grinder for 5 turns
  2977 | D:4      | Killed Grinder
  3094 | D:4      | Gained mutation: You regenerate health from kills. [demonic
                  | ancestry]
  3094 | D:4      | Reached XP level 7. HP: 3/54 MP: 0/10
  3098 | D:5      | Entered Level 5 of the Dungeon
  3677 | D:5      | Found a shimmering altar of Xom.
  3798 | D:5      | Reached skill level 1 in Polearms
  4076 | D:5      | Reached skill level 2 in Polearms
  4124 | D:5      | Reached XP level 8. HP: 61/61 MP: 11/11
  4160 | D:5      | Found an ancient bone altar of Kikubaaqudgha.
  4165 | D:5      | Reached skill level 5 in Dodging
  4414 | D:4      | Noticed Sigmund
  4421 | D:4      | Reached skill level 5 in Fighting
  4526 | D:4      | Killed Sigmund
  4549 | D:4      | Reached skill level 3 in Polearms
  4860 | D:4      | Found a staircase to the Ecumenical Temple.
  4877 | Temple   | Entered the Ecumenical Temple
  5056 | Temple   | Became a worshipper of Warmaster Okawaru
  5344 | D:6      | Reached skill level 1 in Invocations
  5615 | D:6      | Reached skill level 4 in Polearms
  5685 | D:6      | Reached * piety under Okawaru
  5711 | D:6      | Noticed a troll
  5779 | D:4      | Bought a shiny helmet for 202 gold pieces
  5804 | D:6      | Found a blossoming altar of Fedhas.
  5836 | D:6      | Reached XP level 9. HP: 65/69 MP: 12/12
  6029 | D:6      | Killed a troll
  6384 | D:7      | Reached skill level 5 in Invocations
  6551 | D:7      | Found Zin's Purification Station.
  6551 | D:7      | Found a glowing silver altar of Zin.
  6571 | D:7      | Reached skill level 5 in Polearms
  6657 | D:7      | Noticed a two-headed ogre
  6668 | D:7      | Killed a two-headed ogre
  6668 | D:7      | Reached ** piety under Okawaru
  6840 | D:7      | Noticed Joseph
  6847 | D:7      | Killed Joseph
  6847 | D:7      | Reached *** piety under Okawaru
  6847 | D:7      | Reached skill level 6 in Polearms
  7071 | D:7      | Got a shimmering amber ring
  7196 | D:8      | Identified the ring "Editrikh" {+Fly MR+ Str+4 Dex-4} (You
                  | found it on level 7 of the Dungeon)
  7256 | D:8      | Noticed Erica
  7273 | D:8      | Killed Erica
  7273 | D:8      | Gained mutation: You are partially covered in icy blue
                  | scales. (AC +2) [demonic ancestry]
  7273 | D:8      | Reached XP level 10. HP: 62/77 MP: 14/16
  7327 | D:8      | Noticed Maurice
  7341 | D:8      | Killed Maurice
  7430 | D:8      | Reached **** piety under Okawaru
  7575 | D:8      | Noticed Grum
  7582 | D:8      | Reached skill level 7 in Polearms
  7591 | D:8      | Killed Grum
  8195 | D:9      | Found a glowing golden altar of the Shining One.
  8686 | D:9      | Noticed a salamander
  8686 | D:9      | a raiju changed into a salamander
  8695 | D:9      | Killed a salamander
  8952 | D:9      | Found a staircase to the Lair.
  8991 | D:9      | Received a gift from Okawaru
  9008 | D:9      | Found a basalt altar of Yredelemnul.
  9022 | D:9      | Reached skill level 10 in Invocations
  9291 | D:10     | Entered Level 10 of the Dungeon
  9291 | D:10     | Found Cyuzyux's Armour Shoppe.
  9301 | D:10     | Bought a +0 pair of boots for 76 gold pieces
  9317 | D:10     | Reached skill level 8 in Polearms
  9317 | D:10     | Gained mutation: You are mostly covered in icy blue scales.
                  | (AC +3) [demonic ancestry]
  9317 | D:10     | Reached XP level 11. HP: 53/85 MP: 18/18
  9322 | D:10     | Noticed a two-headed ogre
  9359 | D:10     | Killed a two-headed ogre
  9359 | D:10     | Reached ***** piety under Okawaru
  9470 | D:10     | Noticed a deep elf mage
  9480 | D:10     | Killed a deep elf mage
  9541 | D:10     | Got a warped chain mail
  9542 | D:10     | Identified the +4 chain mail of Muriocke {rElec Str+3
                  | Int-3} (You found it on level 10 of the Dungeon)
 10133 | D:11     | Noticed Harold
 10142 | D:11     | Noticed a two-headed ogre
 10145 | D:11     | Noticed an unseen horror
 10300 | Lair:1   | Entered Level 1 of the Lair of Beasts
 10530 | Lair:1   | Received a gift from Okawaru
 10698 | Lair:1   | Reached skill level 5 in Armour
 10778 | Lair:1   | Reached skill level 9 in Polearms
 11613 | Lair:1   | Identified a scroll of acquirement
 12008 | Lair:2   | Noticed an oklob plant
 12008 | Lair:2   | Noticed an oklob plant
 12026 | Lair:2   | Got a brightly glowing morningstar
 12044 | Lair:2   | Identified the +8 morningstar of the Hawk {flame, Str+2}
                  | (You found it on level 2 of the Lair of Beasts)
 12122 | Lair:2   | Received a gift from Okawaru
 12128 | Lair:2   | Reached XP level 12. HP: 77/94 MP: 20/20
 12404 | Lair:2   | Noticed Fannar
 12430 | Lair:2   | Killed Fannar
 12778 | Lair:2   | Found a hole to the Spider Nest.
 12797 | Lair:2   | Reached skill level 10 in Polearms
 13033 | Lair:3   | Found a runed translucent door.
 13037 | Lair:3   | Found a gate leading to a gauntlet.
 13048 | Lair:3   | Noticed Squonk's ghost (journeyman OgHu)
 13057 | Gauntlet | Entered a Gauntlet
 13057 | Gauntlet | Found a transporter.
 13062 | Gauntlet | Found a transporter.
 13063 | Gauntlet | Found a transporter.
 13064 | Gauntlet | Found a transporter.
 13067 | Gauntlet | Found a transporter.
 13068 | Gauntlet | Found a transporter.
 13072 | Gauntlet | Found a runed translucent door.
 13076 | Gauntlet | Found a transporter.
 13078 | Gauntlet | Found a runed translucent door.
 13096 | Gauntlet | Found a transporter.
 13113 | Gauntlet | Found a transporter.
 13117 | Gauntlet | Found a transporter.
 13127 | Gauntlet | Found a transporter.
 13188 | Gauntlet | Noticed a ghost crab
 13203 | Gauntlet | Noticed a hell beast
 13204 | Gauntlet | Found a transporter.
 13305 | Gauntlet | Got an ancient war axe
 13308 | Gauntlet | Got an ancient bone ring
 13435 | Gauntlet | Identified the ring of Heresy {+Fly Dex+4 Stlth+} (You
                  | found it in a Gauntlet)
 13458 | Gauntlet | Identified the +8 short sword of the Moon {freeze, Dex+3}
 13458 | Gauntlet | Noticed a minotaur
 13471 | Gauntlet | Killed a minotaur
 13480 | Gauntlet | Identified the Guide on Lucky Conjuration
 13547 | Lair:3   | Noticed a seven-headed hydra
 13569 | Lair:3   | Killed a seven-headed hydra
 13569 | Lair:3   | Received a gift from Okawaru
 13717 | Lair:3   | You fall into a shaft and drop 1 floor!
 13717 | Lair:4   | Found a staircase to the Shoals.
 13802 | Lair:4   | Noticed a five-headed hydra
 13838 | Lair:4   | Killed a five-headed hydra
 13846 | Lair:4   | Reached skill level 11 in Polearms
 13990 | Lair:4   | Found a dark tunnel.
 14039 | Volcano  | Entered a volcano
 14164 | Volcano  | Noticed a centaur warrior
 14183 | Volcano  | Killed a centaur warrior
 14544 | Lair:4   | Gained mutation: You have hooves in place of feet. [demonic
                  | ancestry]
 14544 | Lair:4   | Reached XP level 13. HP: 92/103 MP: 21/21
 14613 | Lair:4   | Reached skill level 10 in Fighting
 15029 | Lair:5   | Noticed Josephine
 15040 | Lair:5   | Killed Josephine
 15052 | Lair:5   | Received a gift from Okawaru
 15711 | Lair:5   | Reached skill level 13 in Polearms
 15711 | Lair:5   | Reached XP level 14. HP: 110/110 MP: 22/22
 15876 | Lair:6   | Entered Level 6 of the Lair of Beasts
 15958 | Lair:6   | Noticed Kirke
 16227 | Lair:6   | Found a snail-covered altar of Cheibriados.
 16307 | Lair:6   | Identified the +9 war axe "Mukhulua" {flame, +Rage MR+
                  | Str-2} (You found it in a Gauntlet)
 16314 | Lair:6   | Found a runed translucent door.
 16325 | Lair:6   | Received a gift from Okawaru
 16683 | Lair:6   | Reached skill level 10 in Armour
 16692 | Lair:6   | Found a large runed translucent door.
 16693 | Lair:6   | Found a large runed translucent door.
 16895 | Lair:6   | Found a viscous altar of Jiyva.
 16895 | Lair:6   | Found a staircase to the Slime Pits.
 16949 | Lair:6   | Noticed a sphinx
 16975 | Lair:6   | Killed Kirke
 16975 | Lair:6   | Reached skill level 10 in Dodging
 17987 | D:11     | Killed Harold
 18027 | D:11     | Received a gift from Okawaru
 18027 | D:11     | Reached skill level 14 in Polearms
 18090 | D:11     | Found Ceguatas's Magic Scroll Shoppe.
 18098 | D:11     | Bought a scroll of enchant weapon for 120 gold pieces
 18099 | D:11     | Bought a scroll of teleportation for 48 gold pieces
 18099 | D:11     | Bought a scroll of teleportation for 48 gold pieces
 18099 | D:11     | Bought a scroll of teleportation for 48 gold pieces
 18099 | D:11     | Bought a scroll of teleportation for 48 gold pieces
 18099 | D:11     | Bought a scroll of fear for 56 gold pieces
 18099 | D:11     | Bought a scroll of silence for 120 gold pieces
 18099 | D:11     | Bought a scroll of enchant weapon for 120 gold pieces
 18137 | D:11     | You fall into a shaft and drop 1 floor!
 18257 | D:11     | Noticed Erolcha
 18274 | D:11     | Killed Erolcha
 18343 | D:11     | Found Etugei's Food Shoppe.
 18561 | D:11     | Found a staircase to the Orcish Mines.
 18708 | D:12     | Reached ****** piety under Okawaru
 18708 | D:12     | Reached XP level 15. HP: 66/119 MP: 23/23
 19106 | D:12     | Got a pitted ring mail
 19117 | D:12     | Identified the +6 ring mail "Gaufuzeo" {rF- rC+ Int+4
                  | Slay+6} (You found it on level 12 of the Dungeon)
 19687 | D:13     | Found a gate to the Vaults.
 20275 | D:14     | Received a gift from Okawaru
 20279 | D:14     | Got a jasper-studded ring mail {god gift}
 20280 | D:14     | Identified the +0 ring mail "Qeynepp" {rElec rF++} (Okawaru
                  | gifted it to you on level 14 of the Dungeon)
 20565 | D:14     | Found a snail-covered altar of Cheibriados.
 20581 | D:14     | Found a snail-covered altar of Cheibriados.
 20633 | D:14     | Reached skill level 15 in Polearms
 20716 | D:15     | Entered Level 15 of the Dungeon
 20810 | D:15     | Found a staircase to the Depths.
 21143 | D:15     | Found an opulent altar of Gozag.
 21701 | Spider:1 | Entered Level 1 of the Spider Nest
 22729 | Spider:1 | Received a gift from Okawaru
 22732 | Spider:1 | Got a pair of pitted gloves {god gift}
 22733 | Spider:1 | Identified the +1 pair of gloves of the Dungeon {Int+6}
                  | (Okawaru gifted it to you on level 1 of the Spider Nest)
 23817 | Spider:2 | Gained mutation: You are completely covered in icy blue
                  | scales. (AC +4, rC+) [demonic ancestry]
 23817 | Spider:2 | Reached XP level 16. HP: 91/129 MP: 24/24
 24474 | Spider:2 | Noticed Donald
 24484 | Spider:2 | Killed Donald
 24484 | Spider:2 | Reached skill level 16 in Polearms
 25205 | Spider:2 | Noticed Arachne
 25226 | Spider:2 | Killed Arachne
 25465 | Spider:2 | Was placed under penance by Okawaru
 26063 | Orc:1    | Entered Level 1 of the Orcish Mines
 26397 | Orc:2    | Entered Level 2 of the Orcish Mines
 26397 | Orc:2    | Noticed Urug
 26408 | Orc:2    | Killed Urug
 26539 | Orc:2    | Was forgiven by Okawaru
 26604 | Orc:2    | Found a staircase to the Elven Halls.
 26822 | Orc:2    | Found Cifrem's Assorted Antiques.
 26859 | Orc:2    | Bought a potion of curing for 90 gold pieces
 26859 | Orc:2    | Bought a blackened diamond amulet for 150 gold pieces
 26859 | Orc:2    | Bought a potion of agility for 120 gold pieces
 26972 | Orc:2    | Found Qomiacre's General Store.
 26972 | Orc:2    | Found Pyturot's Gadget Shop.
 26973 | Orc:2    | Found Teinataj's Antique Weapon Boutique.
 27015 | Orc:2    | Found Bas Zame's Jewellery Boutique.
 27018 | Orc:2    | Bought a potion of heal wounds for 75 gold pieces
 27018 | Orc:2    | Bought 2 potions of might for 120 gold pieces
 27019 | Orc:2    | Bought the ring "Zeugoe Sego" {rElec rPois Str+4 Int+2
                  | Dex+4} for 751 gold pieces
 27225 | Elf:1    | Entered Level 1 of the Elven Halls
 27229 | Elf:1    | Found Xeyjuni's Book Boutique.
 27229 | Elf:1    | Found Egrios Cor's General Store.
 27229 | Elf:1    | Found Isuiqiol's Assorted Antiques.
 27229 | Elf:1    | Found Cala's Antique Weapon Shop.
 27278 | Elf:1    | Bought a scroll labeled ZUFEL ILAL for 25 gold pieces
 27365 | Elf:1    | Gained mutation: Your body sometimes deteriorates upon
                  | taking damage. [a neqoxec]
 27376 | Elf:1    | Received a gift from Okawaru
 27393 | Elf:1    | Identified Rumet's Volume of Creation
 27487 | Elf:1    | Cast into level 3 of the Abyss (+4 scimitar of distortion)
 27529 | Abyss:3  | Noticed a tentacled starspawn
 27543 | Abyss:3  | Killed a tentacled starspawn
 27589 | Abyss:3  | Noticed a tentacled starspawn
 27601 | Abyss:3  | Killed a tentacled starspawn
 27601 | Abyss:3  | Reached skill level 17 in Polearms
 27603 | Abyss:3  | Gained mutation: You evolve. [a neqoxec]
 27634 | Abyss:3  | Noticed a tentacled starspawn
 27642 | Abyss:3  | Killed a tentacled starspawn
 27752 | Abyss:4  | Found a corrupted altar of Lugonu.
 27805 | Abyss:4  | Gained mutation: You occasionally shout uncontrollably at
                  | your foes. [a neqoxec]
 27825 | Abyss:4  | Noticed a tentacled starspawn
 27831 | Abyss:4  | Killed a tentacled starspawn
 27891 | Abyss:4  | Got a translucent glass ring
 27893 | Abyss:4  | Identified the ring "Yjaa" {rPois AC+5} (You found it on
                  | level 4 of the Abyss)
 27929 | Elf:1    | Escaped the Abyss
 27945 | Elf:1    | Cast into level 4 of the Abyss (+4 scimitar of distortion)
 28087 | Abyss:4  | Noticed a tentacled starspawn
 28087 | Abyss:4  | Reached XP level 17. HP: 110/110 MP: 25/25
 28106 | Abyss:4  | Noticed a bone dragon
 28228 | Abyss:4  | Found a corrupted altar of Lugonu.
 28278 | Abyss:4  | Received a gift from Okawaru
 28281 | Abyss:4  | Got a scorched shortbow {god gift}
 28432 | Elf:1    | Escaped the Abyss
 29915 | Elf:1    | Identified the +9 shortbow of Psychosis {velocity, Str+4
                  | Int+3 Stlth-} (Okawaru gifted it to you on level 4 of the
                  | Abyss)
 30148 | Elf:1    | Gained mutation: Your flesh is cold resistant. (rC+)
                  | [evolution]
 30538 | Spider:2 | Learned a level 1 spell: Confusing Touch
 30543 | Spider:2 | Learned a level 3 spell: Regeneration
 32175 | Spider:2 | Received a gift from Okawaru
 32210 | Spider:3 | Noticed Bai Suzhen
 32210 | Spider:3 | Noticed Jorgrun
 32225 | Spider:2 | Killed Jorgrun
 32648 | Shoals:1 | Entered Level 1 of the Shoals
 32762 | Shoals:1 | Reached skill level 18 in Polearms
 32792 | Shoals:1 | Received a gift from Okawaru
 33398 | Shoals:2 | Noticed Nikola
 33436 | Shoals:2 | Killed Nikola
 33436 | Shoals:2 | Received a gift from Okawaru
 33609 | Shoals:2 | Found a burning altar of Makhleb.
 33792 | Shoals:2 | Noticed Polyphemus
 34104 | Shoals:3 | Noticed Ilsuiw
 35488 | Spider:2 | Reached XP level 18. HP: 124/148 MP: 26/26
 35500 | Spider:2 | Killed Bai Suzhen
 35750 | Spider:4 | Entered Level 4 of the Spider Nest
 36071 | Spider:4 | Reached skill level 15 in Fighting
 36913 | Spider:4 | Gained mutation: You are frail. (-10% HP) [evolution]
 36913 | Spider:4 | Lost mutation: You evolve. [end of evolution]
 36923 | Spider:4 | Noticed Aizul
 36940 | Spider:4 | Killed Aizul
 36940 | Spider:4 | Received a gift from Okawaru
 37284 | Spider:4 | Reached skill level 19 in Polearms
 38821 | Spider:4 | Got a gossamer rune of Zot
 39485 | Vaults:1 | Entered Level 1 of the Vaults
 39500 | Vaults:1 | Learned a level 1 spell: Summon Butterflies
 39792 | Vaults:1 | You fall into a shaft and drop 1 floor!
 39989 | Vaults:2 | Mutation became permanent: Your flesh is cold resistant.
                  | (rC+) [demonic ancestry]
 39989 | Vaults:2 | Gained mutation: Your flesh is cold resistant. (rC+)
                  | [demonic ancestry]
 39989 | Vaults:2 | Reached XP level 19. HP: 116/139 MP: 27/27
 39990 | Vaults:2 | Lost mutation: Your body sometimes deteriorates upon taking
                  | damage. [potion of mutation]
 39990 | Vaults:2 | Lost mutation: You occasionally shout uncontrollably at
                  | your foes. [potion of mutation]
 39990 | Vaults:2 | Lost mutation: You are frail. (-10% HP) [potion of
                  | mutation]
 39990 | Vaults:2 | Gained mutation: You are robust. (+10% HP) [potion of
                  | mutation]
 39990 | Vaults:2 | Gained mutation: You expend magic power (3 MP) to
                  | strengthen your wands. [potion of mutation]
 40026 | Vaults:2 | HP: 7/170 [fire giant/+0 great sword of flaming (4)]
 40028 | Vaults:2 | Killed from afar by a fire giant

Levels and vault maps discovered:
D:1:      dpeg_arrival_water_altar, layout_basic, serial_park_tiny_2,
          st_stairs_6
D:2:      layout_loops_ring, overflow_temple_1_default, first_ration
D:3:      layout_rooms
D:4:      layout_cave_pools, temple_hall, serial_shops, shop, uniq_grinder,
          uniq_sigmund
D:5:      layout_basic, lemuel_crystal_altar, overflow_temple_1_default
D:6:      layout_basic, basic_altar
D:7:      layout_cave_pools, zin_purify, minmay_fractal_squares_diagonal_5,
          uniq_joseph
D:8:      layout_loops_ring, patterned_corridor, uniq_grum, uniq_erica,
          uniq_maurice
D:9:      layout_cave_pods, lemuel_mausoleum_altar_yredelemnul,
          nicolae_overflow_hidden_temple, lair_entry_dummy, minmay_checkerbox
D:10:     layout_basic, serial_shops, shop, hangedman_stone_soup
D:11:     layout_cave_pools, orc_0_dummy, serial_shops, shop, kennysheep_mini,
          uniq_harold, uniq_erolcha
D:12:     layout_roguey
D:13:     layout_loops_cross, david_vaults_4
D:14:     layout_loops_ring, basic_altar, minivault_14, nicolae_wwwww,
          cheibriados_altar_1
D:15:     gammafunk_depths_entry_grave, layout_rooms, minmay_misc_feat_tiny,
          minivault_4, grunt_gozag_statues
Temple:   eino_temple_scatter_basement
Lair:1:   layout_gridlike, st_stairs_12
Lair:2:   layout_regular_city, nicolae_spider_entry_orb_guardian,
          minmay_lair_oklob_chamber, uniq_fannar
Lair:3:   layout_loops_ring, ebering_ghost_reflecting_pool,
          gauntlet_entry_generic, uniq_sonja
Lair:4:   layout_gridlike, minmay_shoals_entry_beasts,
          lightli_volcano_entry_magma_tube, disabler_island, grunt_megastairs_3
Lair:5:   layout_cave_pods, minmay_lair_oklob_items, uniq_josephine
Lair:6:   cheibrodos_lair_end_hotspot, layout_big_grid, slime_altar_2,
          basic_altar, uniq_kirke
Shoals:1: layout_shoals
Shoals:2: layout_shoals, lemuel_oklob_altar, uniq_polyphemus, uniq_nikola
Shoals:3: cheibrodos_shoals_gigantism, layout_shoals, uniq_ilsuiw
Spider:1: layout_spider_delve
Spider:2: layout_spider_delve, uniq_donald, uniq_arachne
Spider:3: layout_spider_delve, nicolae_orb_stairs, uniq_bai_suzhen, uniq_jorgrun
Spider:4: grunt_spider_rune_circles, uniq_aizul
Orc:1:    layout_diamond_mine
Orc:2:    st_orc_mages, layout_caves, serial_shops, shop_fountains, uniq_urug
Elf:1:    minmay_elf_arrival_circle, layout_geoelf_grid, minmay_elf_demonology,
          lemuel_flamethrower_3, minmay_shoptagon
Elf:2:    layout_gridlike, ebering_ghost_inner_flame, serial_shops,
          shop_fountains
Vaults:1: v_rooms_2, ontoclasm_vaults_ring_large,
          nicolae_vaults_network_periphery, ontoclasm_vaults_tryst,
          nicolae_vaults_yaktaur_gun_rack, dpeg_vaults_monster_box,
          layout_vaults_big_room, basic_altar, uniq_saint_roka
Vaults:2: vaults_mumra_hexcomb, nicolae_vaults_border_crossing, st_cross,
          grunt_vaults_funnel, hangedman_vaults_trim, vaults_room_pool,
          v_misc_23, ontoclasm_vaults_spin, vaults_room_semicircle, v_pattern_3,
          layout_vaults_omnigrid, uniq_xtahua

Skill      XL: |  1  2  3  4  5  6  7  8  9 10 11 12 13 14 15 16 17 18 |
---------------+-------------------------------------------------------+-----
Dodging        | 2 3 4 5 6 7 8 9 10 11 12 13 | 13.1
Fighting       | 1 2 3 4 5 6 7 8 9 10 11 12 13 14 15 | 15.4
Armour         | 1 2 3 4 5 8 9 11 13 | 13.2
Polearms       | 2 4 6 8 9 11 13 14 15 17 18 19 | 19.6
Invocations    | 4 8 10 11 | 11.8
Stealth        | |  1.7
Spellcasting   | |  2.0
Conjurations   | |  1.0
Poison Magic   | |  3.0

Action                   |  1- 3 |  4- 6 |  7- 9 | 10-12 | 13-15 | 16-18 | 19-21 || total
-------------------------+-------+-------+-------+-------+-------+-------+-------++-------
Melee: Unarmed           |    35 |       |       |       |       |       |       ||    35
       Mace              |    53 |    67 |    30 |       |       |       |       ||   150
       Kick              |       |     3 |   112 |   254 |   332 |   330 |     2 ||  1033
       Spear             |       |       |   542 |  1046 |   740 |       |       ||  2328
       Morningstar       |       |       |       |    77 |       |       |       ||    77
       Bardiche          |       |       |       |       |   480 |  1386 |     4 ||  1870
       Trident           |       |       |       |       |     7 |       |       ||     7
Throw: Dart              |       |       |       |       |     7 |     3 |       ||    10
 Cast: Sting             |    54 |    22 |       |       |       |       |       ||    76
       Poisonous Vapours |       |     4 |       |       |       |    29 |       ||    33
       Confusing Touch   |       |       |       |       |       |    16 |       ||    16
Invok: Heroism           |       |       |     2 |    10 |    16 |    34 |       ||    62
       Finesse           |       |       |       |     1 |     1 |    10 |       ||    12
 Abil: Evoke Berserk Rag |       |       |       |     2 |     3 |     2 |       ||     7
       Evoke Flight      |       |       |       |       |       |     4 |       ||     4
Evoke: Wand              |       |     5 |     3 |    16 |     4 |    20 |       ||    48
  Use: Potion            |     6 |     4 |     3 |    12 |     8 |    30 |     3 ||    66
       Scroll            |     3 |     3 |     7 |    14 |    10 |    22 |     1 ||    60
 Stab: Sleeping          |     2 |     1 |     6 |       |       |     2 |       ||    11
       Distracted        |       |       |     2 |     4 |     6 |     6 |       ||    18
       Confused          |       |       |     2 |     2 |       |     9 |       ||    13
       Petrified         |       |       |       |       |     4 |       |       ||     4
  Eat: Chunk             |     2 |     3 |    14 |    13 |    22 |    18 |       ||    72
       Ration            |     1 |       |       |     4 |     4 |    11 |       ||    20
Armor: Leather armour    |    40 |    25 |    66 |    11 |       |       |       ||   142
       Skin              |       |     1 |       |       |     1 |       |       ||     2
       Ring mail         |       |       |     4 |   116 |   234 |   871 |       ||  1225
       Chain mail        |       |       |       |   296 |   324 |       |       ||   620
Dodge: Dodged            |    71 |    50 |   294 |   376 |   603 |  1473 |       ||  2867
Block: Buckler           |       |       |    36 |   100 |    65 |       |       ||   201
